 Dungeon Crawl Stone Soup version 0.31-a0-774-g0d66cbabe8 (webtiles) character file.

Game seed: 984977341253588765

1467 cforsyth the Fighter (level 9, -15/70 HPs)
             Began as a Djinni Delver on Sept 17, 2023.
             Demolished by Maggie
             ... wielding a +4 halberd
              (17 damage)
             ... on level 6 of the Dungeon.
             The game lasted 00:07:39 (5272 turns).

cforsyth the Fighter (Djinni Delver)                Turns: 5272, Time: 00:07:39

Health: -15/70     AC:  9    Str: 11    XL:     9   Next: 6%
Gold:   58         EV:  9    Int: 19    God:
                   SH:  0    Dex: 15

rFire   + + .        s - +3 falchion (freeze)
rCold   x . .        (no shield)
rNeg    . . .        t - +1 scale mail of the Taurataur {+Inv Int+3}
rPois   ∞            j - +0 helmet
rElec   .            m - +0 cloak
rCorr   .            (no gloves)
SInv    .            (boots unavailable)
Will    .....        (no amulet)
Stlth   +            (no ring)
HPRegen 0.31/turn    (no ring)
MPRegen 0.00/turn

%: infuse magic (-16 HP)
@: flying
A: sickness immunity, fire resistance 2, cold vulnerability 1, float, innate
caster, HP casting, extra vitality 1
a: Evoke Invisibility


You were on level 6 of the Dungeon.
You visited 1 branch of the dungeon, and saw 3 of its levels.

You collected 58 gold pieces.

Inventory:

Hand Weapons
 a - a +0 falchion
 i - the +0 rapier of Wemoo {drain, Stlth+}
   (You found it on level 4 of the Dungeon)

   Stlth+:    It makes you more stealthy.
 n - a +3 hand axe
 s - a +3 falchion of freezing (weapon)
Armour
 b - a +0 leather armour
 j - a +0 helmet (worn)
 m - a +0 cloak (worn)
 t - the +1 scale mail of the Taurataur (worn) {+Inv Int+3}
   (You found it on level 6 of the Dungeon)

   Int+3:     It affects your intelligence (+3).
   +Inv:      It lets you turn invisible.
Jewellery
 h - a ring of ice
Wands
 g - a wand of digging (3)
 o - a wand of polymorph (7)
Scrolls
 c - 2 scrolls of fog
 d - a scroll of revelation
 e - a scroll of fear
 l - 3 scrolls of teleportation {unknown}
 q - a scroll of silence {unknown}
 w - a scroll of identify {unknown}
Potions
 f - 3 potions of haste
 k - a potion of ambrosia {unknown}
 p - a potion of attraction {unknown}
 r - a potion of degeneration {unknown}
 u - 2 potions of berserk rage {unknown}
 v - a potion of mutation {unknown}


   Skills:
 + Level 8.1 Fighting
 - Level 1.7 Long Blades
 - Level 2.1 Dodging
 - Level 4.1 Stealth
 + Level 5.4 Spellcasting
 + Level 5.4 Conjurations
 + Level 5.4 Hexes
   Level 0.0 Charms
 + Level 5.4 Summonings
 + Level 5.4 Necromancy
 + Level 5.4 Translocations
 + Level 5.4 Transmutations
 + Level 5.4 Fire Magic
 + Level 5.4 Ice Magic
 + Level 5.4 Air Magic
 + Level 5.4 Earth Magic
 + Level 5.4 Poison Magic


You knew the following spells:

 Your Spells              Type           Power      Damage    Failure   Level
a - Apportation           Tloc           50%        N/A       9%          1
b - Searing Ray           Conj           50%        2d6       12%         2
c - Call Canine Familiar  Summ           25%        N/A       24%         3
d - Airstrike             Air            12%        2d(2-18)  63%         4
Your spell library was empty.

Dungeon Overview and Level Annotations

Branches:
Dungeon (6/15)
 Temple: D:4-7

Altars:

Shops:
D:4 ?

Annotations:
D:6 Maggie


Innate Abilities, Weirdness & Mutations

You are immune to sickness and miasma.
You are immune to poison.
Your flesh is very heat resistant. (rF++)
You are vulnerable to cold. (rC-)
You float through the air rather than walking.
You learn spells naturally, not from books.
Your magical power is your life essence.
You have superior vitality. (+4 MHP)


Message History

Maggie casts a spell.
Maggie attempts to bespell you!
You are mesmerised by Maggie!
You completely miss Maggie.
Maggie is moderately wounded.
Maggie hits you with a +4 halberd!
You hit Maggie. You freeze Maggie.
Maggie is moderately wounded.
Maggie hits you with a +4 halberd.
You slash Maggie! You freeze Maggie.
Maggie is heavily wounded.
Maggie hits you with a +4 halberd.
You barely miss Maggie.
Maggie is heavily wounded.
Maggie barely misses you.
Maggie says, "Fear not.
I will immortalize you in the tale of my first kill."
Maggie hits you with a +4 halberd.
You slash Maggie! You freeze Maggie.
Maggie is severely wounded.
Maggie gestures at you while chanting. The bolt of fire hits you. You resist.
You slash Maggie! You freeze Maggie.
Maggie is almost dead.
Maggie casts a spell at you. The bolt of fire hits you. You resist.
* * * LOW HITPOINT WARNING * * *
You hit Maggie but do no damage.
Maggie is almost dead.
Maggie points at you and mumbles some strange words.
The bolt of fire hits you! You resist.
* * * LOW HITPOINT WARNING * * *
You hit Maggie but do no damage.
Maggie is almost dead.
You break out of your daze.
Maggie hits you with a +4 halberd!
* * * LOW HITPOINT WARNING * * *
You closely miss Maggie.
Maggie is almost dead.
Maggie hits you with a +4 halberd!
You die...

.....#.))# ##### .....#...#
#...# .....##### ...##
.........####...##
............#....##
............##....#
............#.....##
.........##......@.#
................@..#
.............##.#..#
)............##.##..#
>....##..........##.(...###
.................#........#
.....#....................#
...........%......###..#..
.......#..)........#.....
.##
(.....###...............#
...#


You could see Maggie.

Vanquished Creatures
  A water moccasin (D:6)
  2 black bears (D:5)
  A sky beast (D:6)
  2 ogres (D:5)
  A phantom (D:6)
  A bullfrog (D:4)
  5 wights
  A howler monkey (D:5)
  2 jellies
  7 hounds
  An orc priest (D:5)
  A sleepcap (D:5)
  An iguana (D:5)
  2 orc wizards
  2 gnolls (D:6)
  3 adders
  A white imp (D:6)
  An ufetubus (D:5)
  A worm (D:5)
  2 dart slugs
  5 orcs
  An endoplasm (D:4)
  A giant cockroach (D:4)
  A goblin (D:4)
  A hobgoblin (D:4)
  8 jackals (D:4)
  A quokka (D:5)
  2 ball pythons (D:4)
58 creatures vanquished.

Notes
Turn   | Place    | Note
-------+----------+-------------------------------------------
     0 | D:5      | cforsyth the Djinni Delver began the quest for the Orb.
     0 | D:5      | Reached XP level 1. HP: 20/20 MP: 0/0
    22 | D:5      | Noticed a hound
    34 | D:5      | Killed a hound
    35 | D:5      | Reached skill level 1 in Spellcasting
    35 | D:5      | Reached skill level 1 in Conjurations
    35 | D:5      | Reached skill level 1 in Hexes
    35 | D:5      | Reached skill level 1 in Summonings
    35 | D:5      | Reached skill level 1 in Necromancy
    35 | D:5      | Reached skill level 1 in Translocations
    35 | D:5      | Reached skill level 1 in Transmutations
    35 | D:5      | Reached skill level 1 in Fire Magic
    35 | D:5      | Reached skill level 1 in Ice Magic
    35 | D:5      | Reached skill level 1 in Air Magic
    35 | D:5      | Reached skill level 1 in Earth Magic
    35 | D:5      | Reached skill level 1 in Poison Magic
    35 | D:5      | Reached XP level 2. HP: 14/25 MP: 0/0
    35 | D:5      | Reached XP level 3. HP: 17/30 MP: 0/0
    35 | D:5      | Learned a level 1 spell: Apportation
   146 | D:5      | Reached skill level 4 in Fighting
   146 | D:5      | Reached XP level 4. HP: 34/37 MP: 0/0
   146 | D:5      | Noticed an ogre
   192 | D:4      | Reached XP level 5. HP: 33/42 MP: 0/0
   192 | D:4      | Learned a level 2 spell: Searing Ray
   511 | D:4      | Found Menad's Magic Scroll Shoppe.
   553 | D:4      | Noticed a bullfrog
   561 | D:4      | Killed a bullfrog
   562 | D:4      | Reached skill level 5 in Fighting
   562 | D:4      | Reached XP level 6. HP: 32/49 MP: 0/0
  1016 | D:4      | Identified the +0 rapier of Wemoo {drain, Stlth+}
  1400 | D:5      | Killed an ogre
  1550 | D:5      | Reached XP level 7. HP: 54/54 MP: 0/0
  1550 | D:5      | Learned a level 3 spell: Call Canine Familiar
  1974 | D:5      | Reached skill level 6 in Fighting
  3064 | D:5      | Reached XP level 8. HP: 61/62 MP: 0/0
  3607 | D:5      | Reached skill level 7 in Fighting
  4755 | D:6      | Noticed Maggie
  4799 | D:6      | Reached skill level 5 in Spellcasting
  4799 | D:6      | Reached skill level 5 in Conjurations
  4799 | D:6      | Reached skill level 5 in Hexes
  4799 | D:6      | Reached skill level 5 in Summonings
  4799 | D:6      | Reached skill level 5 in Necromancy
  4799 | D:6      | Reached skill level 5 in Translocations
  4799 | D:6      | Reached skill level 5 in Transmutations
  4799 | D:6      | Reached skill level 5 in Fire Magic
  4799 | D:6      | Reached skill level 5 in Ice Magic
  4799 | D:6      | Reached skill level 5 in Air Magic
  4799 | D:6      | Reached skill level 5 in Earth Magic
  4799 | D:6      | Reached skill level 5 in Poison Magic
  5014 | D:6      | Identified the +1 scale mail of the Taurataur {+Inv Int+3}
  5158 | D:6      | Reached skill level 8 in Fighting
  5158 | D:6      | Reached XP level 9. HP: 62/70 MP: 0/0
  5158 | D:6      | Learned a level 4 spell: Airstrike
  5271 | D:6      | HP: 2/70 [Maggie/+4 halberd (12)]
  5272 | D:6      | Demolished by Maggie

Illustrated notes

Levels and vault maps discovered:
D:4:      layout_gridville, serial_shops, nicolae_shop_tiny_statue_garden
D:5:      layout_loops_cross, minmay_tree_intersection
D:6:      layout_cave_pools, sigmund_army, uniq_maggie

Skill      XL: |  1  2  3  4  5  6  7  8 |
---------------+-------------------------+-----
Spellcasting   | 1 2 3 4 5 |  5.4
Conjurations   | 1 2 3 4 5 |  5.4
Hexes          | 1 2 3 4 5 |  5.4
Summonings     | 1 2 3 4 5 |  5.4
Necromancy     | 1 2 3 4 5 |  5.4
Translocations | 1 2 3 4 5 |  5.4
Transmutations | 1 2 3 4 5 |  5.4
Fire Magic     | 1 2 3 4 5 |  5.4
Ice Magic      | 1 2 3 4 5 |  5.4
Air Magic      | 1 2 3 4 5 |  5.4
Earth Magic    | 1 2 3 4 5 |  5.4
Poison Magic   | 1 2 3 4 5 |  5.4
Fighting       | 4 5 6 8 |  8.1
Long Blades    | |  1.7
Dodging        | |  2.1
Stealth        | |  4.1

Action                     |  1- 3 |  4- 6 |  7- 9 || total
---------------------------+-------+-------+-------++-------
  Melee: Falchion          |    20 |   112 |    62 ||   194
         Punch             |       |     3 |     3 ||     6
         Rapier            |       |    14 |    98 ||   112
         Hand axe          |       |       |    61 ||    61
   Cast: Searing Ray       |       |     2 |       ||     2
    Use: Potion            |       |       |     1 ||     1
   Stab: Sleeping          |     1 |     5 |     1 ||     7
 Armour: Leather armour    |     9 |   101 |   148 ||   258
         Scale mail        |       |       |    39 ||    39
  Dodge: Dodged            |    19 |   130 |   155 ||   304

Table legend: (Time is in decaauts)
 A = Elapsed time spent in this place.
 B = Non-inter-level travel time spent in this place.
 C = Inter-level travel time spent in this place.
 D = Time resting spent in this place.
 E = Time spent auto-exploring this place.
 F = Levels seen in this place.
 G = Mean time per level.
                   A        B        C        D        E       F      G
               +--------+--------+--------+--------+--------+-----+--------+
         Total |   5340 |   5260 |     80 |   2088 |   2172 |   3 | 1780.0 |
       Dungeon |   5340 |   5260 |     80 |   2088 |   2172 |   3 | 1780.0 |
               +--------+--------+--------+--------+--------+-----+--------+

Top non-repeatable levels by time:
     D:5: 2667 daAuts
     D:4: 1706 daAuts
     D:6: 966 daAuts
